 Dungeon Crawl Stone Soup version 0.30-a0-166-g5d06c95188 (webtiles) character file.

Game seed: 7744292419459813412

53 qw the Chopper (level 3, 0/23 HPs)
             Began as a Gargoyle Fighter on Sept 28, 2022.
             Slain by a gnoll
             ... wielding a +0 spear
              (5 damage)
             ... on level 2 of the Dungeon.
             The game lasted 00:00:20 (1469 turns).

qw the Chopper (Gargoyle Fighter)                   Turns: 1469, Time: 00:00:20

Health: 0/23       AC: 10    Str: 21    XL:     3   Next: 87%
Magic:  3/3        EV:  9    Int:  8    God:
Gold:   58         SH:  4    Dex:  9    Spells: 2/2 levels left

rFire   . . .      SeeInvis .    Y - +0 war axe
rCold   . . .      Faith    .    c - +0 buckler
rNeg    + . .      Spirit   .    b - +0 scale mail
rPois   inf        Reflect  .    (no helmet)
rElec   +          Harm     .    (no cloak)
rCorr   .          Rampage  .    (no gloves)
Will    .....                    (no boots)
Stlth   ..........               (no amulet)
HPRegen 0.07/turn                (no ring)
MPRegen 0.08/turn                (no ring)

@: no status effects
A: sickness immunity, AC +3, negative energy resistance 1, electricity
resistance, torment resistance 1, petrification resistance
a: no special abilities


You were on level 2 of the Dungeon.
You visited 1 branch of the dungeon, and saw 2 of its levels.

You collected 58 gold pieces.


Innate Abilities, Weirdness & Mutations

You are immune to sickness and miasma.
Your stone body is resilient. (AC +3)
You are immune to poison.
You resist negative energy. (rN+)
You are resistant to electric shocks. (rElec)
You are resistant to unholy torment.
You are immune to petrification.


   Skills:
 - Level 3.2 Fighting
 + Level 3.7 Axes
 - Level 3.2 Armour
 - Level 3.2 Shields


You had 2 spell levels left.
You didn't know any spells.
Your spell library was empty.

Inventory:

Hand Weapons
 f - a +0 mace
 Y - a +0 war axe (weapon)
Missiles
 k - 3 boomerangs (quivered)
Armour
 b - a +0 scale mail (worn)
 c - a +0 buckler (worn)
Scrolls
 e - 2 scrolls of enchant weapon {unknown}
 g - 8 scrolls of identify
 h - 3 scrolls of teleportation {unknown}
Potions
 a - a potion of heal wounds {unknown}
 d - a potion of might
 i - a potion of degeneration {unknown}
 j - a potion of haste

Dungeon Overview and Level Annotations

Branches:
Dungeon (2/15)

Altars:

Annotations:
D:1 2 transporters


Message History

Throw: 3 boomerangs
Press: ? - help, Q - select action Shift-Dir - straight line, f - gnoll You throw a boomerang.
The boomerang hits the gnoll.
The gnoll is moderately wounded.
A gnoll comes into view. It is wielding a +0 spear.
1460 ||| Stepping ~*~*~tactically~*~*~ (stealth).
An adder comes into view.
Found 7 gold pieces.
The adder hisses angrily.
You see here the +0 chain mail of Morality {rPois rN+ Will+ Str-3}.
1462 ||| Stepping ~*~*~tactically~*~*~ (hiding).
The gnoll attacks as you move away! The gnoll hits you but does no damage.
1463 ||| Stepping ~*~*~tactically~*~*~ (hiding).
You hit the gnoll but do no damage.
The gnoll is moderately wounded.
The gnoll barely misses you.
You barely miss the gnoll.
The gnoll is moderately wounded.
The gnoll hits you with a +0 whip!
You barely miss the gnoll.
The gnoll is moderately wounded.
You miss the adder. The gnoll barely misses you. The adder closely misses you.
The gnoll hits you with a +0 whip.
You closely miss the gnoll.
The gnoll is moderately wounded.
You completely miss the adder. The adder barely misses you.
The gnoll barely misses you. The adder bites you but does no damage.
You barely miss the gnoll.
The gnoll is moderately wounded.
You hit the adder. You block the adder's attack.
The gnoll hits you with a +0 whip. The gnoll barely misses you.
The adder barely misses you.
You barely miss the adder.
The adder is heavily wounded.
You barely miss the gnoll. The gnoll hits you with a +0 whip.
The gnoll hits you from afar with a +0 spear.
You die...

###.#######
#### #.#
#####'####
#........#
#........#
#........#
#........#
#......S.#
#.....@gg#
#####+###.....#
.....# .....#
.....# ...Sg#
<....# .$....


You could see 2 gnolls and an adder.

Vanquished Creatures
  Jessica (D:2)
  An adder (D:2)
  2 bats
  3 endoplasms
  A hobgoblin (D:1)
  6 jackals
  2 kobolds
16 creatures vanquished.

Notes
Turn   | Place    | Note
-------+----------+-------------------------------------------
     0 | D:1      | qw the Gargoyle Fighter began the quest for the Orb.
     0 | D:1      | Reached XP level 1. HP: 14/14 MP: 1/1
     0 | D:1      | 0 ||| qw: Version: 0.2-a-12-gaebbb33
     0 | D:1      | 0 ||| qw: Game counter: 953
     0 | D:1      | 0 ||| qw: Always use a shield: true
     0 | D:1      | 0 ||| qw: God list: Okawaru
     0 | D:1      | 0 ||| qw: Allow faded altars: false
     0 | D:1      | 0 ||| qw: Do Orc after D:15 true
     0 | D:1      | 0 ||| qw: Do second Lair branch before Depths: true
     0 | D:1      | 0 ||| qw: Lair rune preference: random
     0 | D:1      | 0 ||| qw: Plans: Normal, Zot:1-4, God:TSO, Crypt, Tomb,
                  | Pan, Slime:5, Hells, Abyss, Orb
     0 | D:1      | 0 ||| PLANNING D:1-11
   126 | D:1      | 126 ||| Stepping ~*~*~tactically~*~*~ (stealth).
   399 | D:1      | Reached XP level 2. HP: 13/19 MP: 2/2
   400 | D:1      | HP: 4/19 [frozen (4)]
   822 | D:1      | 822 ||| DROPPING orb of guile.
   823 | D:1      | 823 ||| READING scroll labelled TUSHEU AXAKH.
   824 | D:1      | 824 ||| READING 4 scrolls labelled UCAIZX ANNULA.
   825 | D:1      | 825 ||| READING scroll labelled KUGGEF QA TEM.
   826 | D:1      | 826 ||| READING 3 scrolls of identify.
   826 | D:1      | 826 ||| IDENTIFYING lumpy emerald potion
   921 | D:2      | Noticed Jessica
   927 | D:2      | Killed Jessica
   928 | D:2      | Reached skill level 3 in Axes
   928 | D:2      | Reached XP level 3. HP: 12/23 MP: 3/3
  1460 | D:2      | 1460 ||| Stepping ~*~*~tactically~*~*~ (stealth).
  1461 | D:2      | Identified the +0 chain mail of Morality {rPois rN+ Will+
                  | Str-3}
  1462 | D:2      | 1462 ||| Stepping ~*~*~tactically~*~*~ (hiding).
  1463 | D:2      | 1463 ||| Stepping ~*~*~tactically~*~*~ (hiding).
  1469 | D:2      | HP: 5/23 [gnoll/+0 whip (3)]
  1469 | D:2      | Slain by a gnoll

Levels and vault maps discovered:
D:1:      spicycebolla_arrival_transporter_tutorial, layout_loops_ring
D:2:      layout_basic, minmay_randomly_rotated_circles, uniq_jessica

Skill      XL: |  1  2 |
---------------+-------+-----
Axes           | 2 3 |  3.7
Fighting       | |  3.2
Armour         | |  3.2
Shields        | |  3.2

Action                   || total
-------------------------++-------
Melee: War axe           ||    58
Throw: Boomerang         ||     1
  Use: Scroll            ||     4
Armor: Scale mail        ||    34
Dodge: Dodged            ||    37
Block: Buckler           ||    10

Table legend:
 A = Non-vault XP
 B = Vault XP
 C = Vault XP percentage of total XP
 D = Non-vault monster count
 E = Vault monster count
 F = Vault count percentage of total count
                 A         B        C        D         E       F
            +---------+---------+-------+---------+---------+-------
      Total |      39 |      37 |  48.7 |      15 |       1 |   6.2
            +---------+---------+-------+---------+---------+-------
        D:1 |      12 |       0 |   0.0 |       6 |       0 |   0.0
        D:2 |      27 |      37 |  57.8 |       9 |       1 |  10.0
            +---------+---------+-------+---------+---------+-------
